Map: Simulacrum LE

Players

Scarlett

  • Race: Zerg Zerg
  • Spawn Location: 11:00

maru - Winner!

  • Race: Terran Terran
  • League: Platinum
  • Spawn Location: 5:00

VOD

Have the link to the VOD?

Description

Time

  • Played on: Jan. 7, 2020, 6:58 p.m.
  • Length: 21:45
Show
View Real Time Build Order
Export as new Build Order

Scarlett Zerg 

Build Orders: Hatch First, Swarm Host 

Get SALT Encoding   

  12  0:00  Drone  
  13  0:13  Overlord  
  13  0:17  Drone  
  14  0:31  Drone x2  
  16  0:48  Hatchery  
  15  0:51  Drone  
  15  0:55  Drone  
  17  0:58  Drone  
  18  1:10  Extractor  
  17  1:13  Spawning Pool  
  17  1:17  Drone  
  17  1:20  Drone  
  18  1:28  Drone  
  19  1:39  Drone  
  20  1:49  Overlord  
  20  1:59  Queen x2  
  20  2:01  Zergling x4  
  26  2:11  Metabolic Boost  
  26  2:12  Drone  
  27  2:16  Drone  
  28  2:29  Drone x2  
  29  2:34  Drone x2  
  29  2:35  Spore Crawler  
  31  2:47  Drone x2, Queen  
  35  2:53  Overlord  
  35  2:59  Hatchery  
  34  3:08  Drone  
  34  3:12  Drone x6  
  41  3:15  Drone  
  41  3:19  Overlord  
  42  3:25  Drone  
  43  3:29  Overlord  
  43  3:38  Overlord  
  43  3:40  Zergling x4  
  45  3:42  Queen, Overlord  
  45  3:46  Queen  
  45  3:48  Drone  
  50  3:50  Drone  
  51  3:56  Roach Warren  
  51  3:59  Drone x2  
  51  4:00  Drone  
  53  4:04  Extractor  
  53  4:05  Extractor  
  53  4:07  Drone x3  
  53  4:08  Drone  
  55  4:18  Queen  
  55  4:20  Zergling x4  
  55  4:21  Drone x3  
  62  4:26  Queen  
  65  4:31  Drone  
  65  4:32  Drone  
  65  4:33  Overlord  
  65  4:38  Roach x2  
  70  4:43  Overlord  
  70  4:50  Roach, Overlord  
  72  4:54  Roach x3  
  72  4:57  Drone x2  
  80  5:02  Drone x3  
  80  5:04  Spore Crawler  
  80  5:06  Spore Crawler  
  81  5:09  Spore Crawler  
  81  5:12  Roach  
  81  5:13  Roach  
  84  5:20  Roach x2  
  84  5:21  Overlord  
  88  5:24  Lair  
  88  5:26  Drone  
  90  5:28  Drone x2  
  90  5:33  Drone x3  
  94  5:37  Roach  
  96  5:48  Drone x8  
  104  5:55  Overlord  
  104  5:56  Overlord  
  104  5:57  Overlord  
  104  6:05  Overlord x2  
  104  6:09  Evolution Chamber x2  
  100  6:11  Extractor  
  97  6:21  Overlord  
  97  6:23  Drone x8  
  101  6:28  Drone x3  
  101  6:31  Extractor  
  101  6:32  Spire, Overseer  
  99  6:33  Extractor, Pneumatized Carapace  
  99  6:37  Queen  
  99  6:39  Queen  
  101  6:41  Drone x2  
  101  6:42  Drone  
  104  6:49  Roach x4  
  112  6:59  Roach x2  
  112  7:00  Roach x5  
  126  7:03  Zerg Missile Weapons Level 1  
  126  7:05  Zerg Ground Armor Level 1  
  126  7:13  Hatchery  
  126  7:14  Drone  
  126  7:26  Queen  
  128  7:32  Overlord x4  
  124  7:44  Corruptor x6  
  124  7:48  Spore Crawler  
  134  8:06  Glial Reconstitution  
  134  8:08  Drone x15  
  149  8:26  Drone x7  
  154  8:27  Infestation Pit  
  154  8:30  Extractor  
  154  8:31  Extractor  
  151  8:36  Overlord  
  151  8:37  Overlord  
  151  8:39  Hatchery  
  150  8:42  Corruptor x4  
  158  8:49  Nydus Network  
  158  8:52  Ravager x6  
  163  8:57  Overlord  
  162  9:07  Overlord  
  160  9:12  Swarm Host  
  160  9:13  Swarm Host x6  
  160  9:16  Zergling x2  
  183  9:17  Zergling x4  
  183  9:19  Zerg Missile Weapons Level 2  
  184  9:25  Zerg Melee Weapons Level 1  
  184  9:26  Overseer  
  184  9:30  Spine Crawler  
  183  9:31  Spine Crawler x2  
  183  9:32  Spore Crawler  
  183  9:33  Drone x2  
  183  9:35  Hive  
  183  9:38  Swarm Host  
  182  9:39  Spine Crawler  
  182  9:42  Spine Crawler  
  182  9:45  Baneling Nest  
  185  9:47  Swarm Host  
  185  9:50  Nydus Canal  
  188  9:56  Swarm Host  
  194  10:03  Zerg Flyer Weapons Level 1  
  194  10:13  Nydus Canal  
  200  10:29  Nydus Canal  
  200  10:33  Zergling x6  
  200  10:42  Extractor  
  200  10:45  Extractor  
  198  10:56  Corruptor  
  198  10:57  Corruptor x4  
  194  11:24  Zerg Melee Weapons Level 2  
  194  11:25  Adrenal Glands, Centrifical Hooks  
  179  11:34  Zergling x12, Roach x7  
  179  11:35  Zergling x18  
  178  11:47  Nydus Canal  
  178  11:54  Baneling x6  
  178  11:55  Ravager, Baneling x7  
  178  11:56  Ravager x6  
  184  12:04  Queen  
  186  12:08  Pathogen Glands  
  186  12:17  Zerg Missile Weapons Level 3  
  172  12:30  Zergling x14  
  172  12:31  Overlord x2  
  172  12:35  Infestor x3, Greater Spire  
  182  12:42  Nydus Canal  
  182  12:47  Zergling x20  
  182  12:48  Zergling x4  
  182  12:50  Hatchery  
  188  12:52  Swarm Host  
  188  12:53  Swarm Host  
  188  12:55  Baneling x10  
  188  12:56  Zergling x4, Baneling x2  
  188  12:57  Zergling x8  
  189  13:10  Roach  
  189  13:11  Roach x4  
  198  13:16  Nydus Canal  
  198  13:21  Queen  
  198  13:25  Neural Parasite, Burrow  
  200  13:38  Spore Crawler  
  200  13:39  Spore Crawler  
  198  13:42  Ravager x2, Baneling x10  
  200  14:03  Zerg Melee Weapons Level 3  
  200  14:17  Infestor x6  
  179  14:19  Zergling x18  
  179  14:20  Nydus Canal  
  196  14:26  Zergling x14  
  197  14:32  Zergling x6  
  197  14:35  Zerg Flyer Armor Level 1  
  200  14:48  Hatchery  
  200  14:49  Extractor, Baneling x10  
  200  14:52  Spore Crawler, Extractor  
  196  15:02  Zergling x8  
  199  15:12  Nydus Canal  
  199  15:14  Hatchery  
  198  15:37  Nydus Canal  
  196  15:49  Corruptor x8  
  189  15:59  Zergling x32  
  196  16:10  Roach  
  198  16:13  Infestor x4  
  198  16:15  Swarm Host x2, Nydus Canal  
  193  16:29  Zerg Flyer Weapons Level 2  
  193  16:31  Zergling x8, Roach x9  
  183  16:50  Infestor  
  183  16:51  Infestor x3  
  174  16:56  Nydus Canal  
  174  16:58  Zergling x8  
  178  17:07  Swarm Host x4  
  178  17:09  Drone x6  
  178  17:15  Drone x7  
  181  17:19  Baneling x8  
  181  17:20  Ravager x7  
  185  17:24  Drone x2  
  185  17:25  Drone  
  185  17:26  Drone  
  189  17:41  Infestor x3  
  189  17:42  Overlord  
  195  17:48  Hatchery  
  195  17:49  Spine Crawler, Infestor  
  195  17:50  Infestor x6  
  179  18:00  Hatchery  
  179  18:01  Nydus Canal  
  179  18:02  Zergling x10  
  179  18:03  Zergling x12  
  189  18:08  Zergling x6  
  192  18:18  Zergling x2  
  192  18:19  Zergling x6  
  196  18:21  Baneling x10  
  192  18:30  Zergling x6  
  192  18:31  Zergling x4  
  170  18:35  Zergling x2  
  170  18:40  Zergling x4  
  148  18:45  Zergling x4, Zerg Flyer Armor Level 2  
  148  18:47  Zergling x4  
  136  18:51  Brood Lord x10  
  136  18:53  Zergling x2  
  153  18:57  Zergling x6  
  154  19:05  Brood Lord, Zergling x2  
  156  19:13  Zergling x10  
  156  19:14  Baneling  
  156  19:15  Baneling x6  
  161  19:18  Hatchery  
  161  19:21  Zergling x6  
  163  19:25  Infestor  
  163  19:30  Nydus Canal  
  166  19:38  Zergling x16  
  166  19:42  Roach x3  
  179  19:54  Baneling x12  
  179  19:55  Zergling x8, Roach x2  
  187  20:02  Queen  
  189  20:07  Baneling x8  
  189  20:09  Zergling x16  
  196  20:18  Corruptor x2  
  194  20:30  Corruptor x2  
  194  20:31  Queen x2  
  194  20:34  Zergling x22  
  187  20:36  Drone x2  
  187  20:37  Drone x4  
  187  20:41  Zergling x4  
  174  20:58  Zergling x16  
  156  21:08  Zergling x10  
  156  21:09  Baneling x3  
  151  21:13  Zergling x4  
  151  21:18  Zergling x6  
  138  21:20  Zergling x2  
  138  21:24  Zergling x2  
Show
View Real Time Build Order
Export as new Build Order

maru Terran - Winner!

Build Orders: Reaper Expand, Mech 

Get SALT Encoding   

  12  0:01  SCV  
  13  0:13  SCV  
  14  0:17  Supply Depot  
  14  0:25  SCV  
  15  0:39  SCV  
  15  0:40  Barracks  
  16  0:46  Refinery  
  16  0:51  SCV  
  17  1:03  SCV  
  18  1:15  SCV  
  19  1:28  Orbital Command  
  19  1:33  Reaper  
  20  1:40  Command Center  
  20  1:54  SCV, Supply Depot  
  21  2:04  Marine  
  21  2:06  SCV  
  23  2:12  Factory  
  23  2:18  SCV, Refinery  
  24  2:24  Engineering Bay  
  24  2:30  Barracks Reactor  
  24  2:31  SCV  
  25  2:43  SCV  
  26  2:53  Orbital Command  
  26  2:58  Starport  
  26  2:59  SCV  
  27  3:11  SCV  
  28  3:14  Hellion  
  28  3:15  Marine, Supply Depot, Hellion  
  28  3:19  SCV  
  34  3:23  SCV  
  35  3:36  SCV x2, Hellion x2  
  40  3:41  Starport Tech Lab  
  40  3:42  Fusion Core  
  40  3:45  Supply Depot  
  41  3:48  SCV x2  
  42  4:00  SCV x2  
  44  4:09  Command Center  
  44  4:12  SCV x2  
  46  4:19  Supply Depot  
  46  4:24  SCV  
  46  4:25  SCV  
  46  4:29  Battlecruiser  
  54  4:34  Hellion x2  
  54  4:37  SCV x2  
  60  4:44  Refinery  
  60  4:45  Refinery  
  60  4:49  SCV  
  60  4:50  SCV  
  62  4:52  Supply Depot  
  62  4:56  Hellion x2  
  66  5:01  SCV  
  66  5:02  SCV  
  68  5:11  Factory x2  
  68  5:14  SCV x2  
  70  5:21  Hellion x2  
  74  5:23  Orbital Command  
  74  5:26  SCV x2  
  74  5:27  Weapon Refit  
  76  5:38  SCV x2  
  78  5:48  Battlecruiser  
  84  5:50  SCV  
  84  5:51  SCV x2  
  84  5:56  Supply Depot  
  87  5:58  Factory Tech Lab x2  
  87  6:02  Supply Depot  
  87  6:03  Supply Depot  
  84  6:06  Hellion  
  84  6:09  Supply Depot  
  84  6:18  Siege Tank  
  83  6:19  Orbital Command  
  83  6:21  SCV x2  
  83  6:24  Siege Tank  
  83  6:33  SCV  
  83  6:34  SCV  
  83  6:36  Hellion x2  
  83  6:39  Refinery  
  89  6:40  Refinery  
  89  6:45  SCV  
  89  6:46  SCV x2  
  92  6:52  Battlecruiser  
  98  6:56  Hellion x2  
  98  6:57  SCV  
  98  6:58  SCV x2, Engineering Bay  
  98  6:59  Supply Depot  
  105  7:05  Armory  
  105  7:06  Armory  
  105  7:09  SCV  
  105  7:10  SCV x2  
  105  7:13  Supply Depot  
  108  7:21  SCV, Hellion x2  
  108  7:22  SCV x2  
  115  7:24  Supply Depot  
  115  7:25  Supply Depot  
  115  7:27  Missile Turret  
  115  7:28  Missile Turret  
  115  7:33  SCV  
  115  7:35  Siege Tank x2  
  115  7:36  SCV  
  123  7:40  Supply Depot  
  123  7:53  Hellion  
  123  7:56  Command Center  
  127  8:05  SCV  
  127  8:06  SCV  
  127  8:07  Siege Tank x2  
  127  8:12  Supply Depot, Terran Vehicle And Ship Armor Level 1, Terran Vehicle Weapons Level 1  
  135  8:24  Battlecruiser  
  135  8:31  Mag-Field Accelerator  
  135  8:33  SCV  
  135  8:34  SCV x2, Missile Turret  
  138  8:35  Factory x2, Missile Turret  
  138  8:39  Missile Turret  
  138  8:45  SCV, Cyclone x2  
  145  8:51  Missile Turret  
  145  9:00  Supply Depot  
  145  9:01  Supply Depot  
  144  9:06  SCV  
  142  9:18  Cyclone x2  
  142  9:20  Factory Reactor, Factory x2  
  142  9:21  Factory, Factory Tech Lab  
  142  9:23  Supply Depot  
  148  9:31  Infernal Pre-Igniter  
  148  9:37  SCV  
  148  9:38  SCV x2  
  151  9:45  Cyclone  
  154  9:50  SCV x2, Cyclone x2  
  162  9:53  Supply Depot  
  162  9:54  Planetary Fortress  
  162  9:59  Missile Turret  
  162  10:00  Missile Turret  
  162  10:01  Missile Turret  
  162  10:03  Refinery  
  162  10:04  Refinery  
  162  10:05  Factory Reactor, Factory Tech Lab x2  
  162  10:12  Hellion  
  164  10:17  Cyclone  
  163  10:22  Cyclone  
  163  10:23  Smart Servos  
  162  10:32  Cyclone x2  
  162  10:33  Hellion x2  
  172  10:37  Cyclone  
  172  10:38  Command Center  
  171  10:52  Cyclone  
  171  10:53  Hellion x2  
  171  10:54  Cyclone  
  175  11:01  Hellion  
  175  11:04  Cyclone  
  175  11:05  Cyclone  
  175  11:07  Terran Vehicle Weapons Level 2  
  175  11:09  Cyclone  
  184  11:24  Cyclone  
  187  11:26  Terran Vehicle And Ship Armor Level 2  
  187  11:31  Cyclone, Hellion  
  183  11:34  Hellion  
  183  11:37  Cyclone x2  
  183  11:38  Hellion  
  182  11:51  SCV  
  182  11:52  SCV x2  
  178  11:59  Missile Turret  
  178  12:01  Missile Turret, Command Center  
  176  12:04  SCV x3  
  176  12:06  SCV  
  179  12:16  SCV x2  
  179  12:18  SCV  
  179  12:19  Cyclone  
  182  12:30  Cyclone, Hellion  
  182  12:34  Cyclone x2, Hellion  
  189  12:42  Planetary Fortress  
  189  12:43  SCV  
  189  12:44  SCV x2  
  192  12:50  Cyclone  
  192  12:51  Cyclone, Hellion  
  197  12:56  Starport x2  
  200  12:58  Refinery  
  200  13:04  Refinery  
  174  13:06  Cyclone x2  
  174  13:07  Cyclone, Hellion x2  
  187  13:19  Missile Turret  
  187  13:22  Cyclone  
  187  13:24  Missile Turret  
  187  13:25  Missile Turret  
  187  13:26  Missile Turret  
  190  13:33  Cyclone, Hellion  
  195  13:35  Planetary Fortress  
  195  13:40  Missile Turret  
  195  13:45  Advanced Ballistics, Starport Reactor  
  195  13:55  Cyclone  
  194  14:01  Command Center  
  194  14:04  Sensor Tower, Cyclone x2, Command Center  
  200  14:11  Command Center  
  179  14:18  Cyclone x2, Hellion  
  182  14:29  Terran Vehicle Weapons Level 3, Terran Vehicle And Ship Armor Level 3  
  160  14:41  Cyclone x3  
  160  14:42  Hellion  
  171  14:50  Cyclone  
  178  14:53  Hellion x6  
  172  15:17  Orbital Command x2  
  172  15:18  Orbital Command  
  172  15:19  Cyclone x3  
  172  15:20  Cyclone  
  184  15:28  Cyclone  
  184  15:48  Hellion  
  171  15:51  Cyclone x3  
  171  15:52  Cyclone  
  171  15:53  Hellion x3  
  189  16:01  SCV x3  
  189  16:02  SCV x3  
  192  16:07  Cyclone, Hellion  
  197  16:16  Hellion  
  193  16:40  Cyclone x2  
  193  16:51  Cyclone  
  166  16:55  Cyclone x2  
  166  16:56  Hellion x2  
  173  17:01  Command Center  
  171  17:12  Cyclone  
  171  17:13  Cyclone  
  171  17:15  Hellion  
  161  17:24  Cyclone  
  161  17:25  Hellion x3  
  161  17:28  Cyclone x2  
  172  17:32  Hellion x2  
  176  17:40  Hellion  
  178  17:45  Cyclone x2  
  178  17:46  Hellion  
  186  17:53  Hellion  
  186  17:56  Cyclone  
  191  18:00  Cyclone x2, Command Center  
  197  18:07  Hellion  
  193  18:28  Cyclone x2  
  193  18:32  Cyclone  
  193  18:33  Cyclone x2  
  192  18:34  Hellion  
  192  18:37  Hellion  
  180  18:43  Hellion  
  180  18:44  Hellion  
  180  18:46  Hellion  
  127  18:56  Hellion x2  
  127  18:59  Hellion  
  133  19:05  Hellion  
  133  19:08  Hellion x2  
  161  19:29  Viking x4  
  143  19:31  Thor x4  
  143  19:32  Thor  
  164  19:46  Hellion x5  
  174  20:00  Viking x2  
  174  20:01  Viking x2  
  180  20:14  Thor  
  181  20:30  Viking x3  
  181  20:31  Viking  
  181  20:32  Thor  
  172  20:42  Thor  
  178  20:44  Siege Tank  
  178  20:48  Planetary Fortress  
  181  21:00  Viking x2  
  181  21:02  Planetary Fortress  
  163  21:18  Hellion x2  
  171  21:23  Hellion  
Tags
 
Add a new tag
Caveats
  • Supply blocks, unpowered buildings, or Contaminate may cause inaccurate times.
  • Supply counts are checked every 10 seconds.